 Dungeon Crawl Stone Soup version 0.22.1-6-g1668fe2c40 (webtiles) character file.

46 Firn the Firebug (level 3, -8/24 HPs)
             Began as a Mummy Fire Elementalist on Jan 28, 2019.
             Splashed by Ijyb's acid (13 damage)
             ... on level 2 of the Dungeon.
             The game lasted 00:14:46 (1435 turns).

Firn the Firebug (Mummy Fire Elementalist)          Turns: 1435, Time: 00:14:47

Health: -8/24      AC: -1    Str: 12    XL:     3   Next: 46%
Magic:  0/7        EV: 12    Int: 14    God:
Gold:   73         SH:  0    Dex: 12    Spells: 4/8 levels left

rFire    x . .     SeeInvis .   a - +0 club
rCold    + . .     Gourm    .   (no shield)
rNeg     + + +     Faith    .   e - +1 robe
rPois    ∞         Spirit   .   (no helmet)
rElec    .         Reflect  .   (no cloak)
rCorr    .         Harm     .   (no gloves)
MR       .....                  (no boots)
Stlth    +.........             (no amulet)
HPRegen  0.08/turn              c - ring of attention (curse)
MPRegen  0.10/turn              (no ring)

@: corroded, very slightly contaminated
A: no food or potions, fire vulnerability, cold resistance 1, negative energy
resistance 3, torment resistance, unbreathing
a: no special abilities


You were on level 2 of the Dungeon.
You were not hungry.

You visited 1 branch of the dungeon, and saw 2 of its levels.

You collected 73 gold pieces.

Inventory:

Hand Weapons
 a - a +0 club (weapon)
 b - a +0 hunting sling
Missiles
 d - 67 stones (quivered)
 f - 19 sling bullets
Armour
 e - a +1 robe (worn)
Jewellery
 c - a cursed ring of attention (left hand)
Scrolls
 g - a scroll of teleportation


   Skills:
 + Level 0.2 Maces & Flails
 + Level 1.8 Dodging
 + Level 2.0 Stealth
 + Level 3.0 Spellcasting
 + Level 0.9 Conjurations
 + Level 3.1 Fire Magic


You had 4 spell levels left.
You knew the following spells:

 Your Spells              Type           Power        Failure   Level  Hunger
a - Flame Tongue          Conj/Fire      #....        10%         1    N/A
b - Conjure Flame         Conj/Fire      #.......     28%         3    N/A

Your spell library contained the following spells:

 Spells                   Type           Power        Failure   Level  Hunger
 Throw Flame              Conj/Fire      #.....       14%         2    N/A
 Inner Flame              Hex/Fire       #.......     32%         3    N/A
 Sticky Flame             Conj/Fire      #.......     67%         4    N/A
 Fireball                 Conj/Fire      #.........   95%         5    N/A

Dungeon Overview and Level Annotations

Branches:
Dungeon (2/15)

Altars:
The Shining One

Annotations:
D:2 Ijyb


Innate Abilities, Weirdness & Mutations

You do not eat or drink.
Your flesh is vulnerable to fire.
You are immune to poison.
Your flesh is cold resistant. (rC+)
You are immune to negative energy. (rN+++)
You are immune to unholy pain and torment.
You can survive without breathing.


Message History

You miscast Flame Tongue.
You are very lightly contaminated with residual magic.
The air around you crackles with energy!
You closely miss Ijyb. Ijyb closely misses you.
You hit Ijyb but do no damage. Ijyb barely misses you.
You hit Ijyb but do no damage. Ijyb hits you but does no damage.
Casting: Flame Tongue (safe; 10% risk of failure)
Confirm with . or Enter, or press ? or * to list all spells.
Aiming: Flame Tongue (safe; 10% risk of failure)
Press: ? - help, Shift-Dir - straight line, f/p - Ijyb
Aim: Ijyb, wielding a dagger and wearing a ring mail The flame tongue hits Ijyb.
Ijyb appears unharmed.
Ijyb hits you but does no damage.
You closely miss Ijyb. Ijyb hits you but does no damage.
Ijyb zaps a wand.
The bolt of acid hits you!
Ouch! That really hurt!
* * * LOW HITPOINT WARNING * * *
The acid corrodes you!
You are splashed with acid!
The acid burns!
Ouch! That really hurt!
You die...

#..........#..
#............#
#............
#.........##
#.........#
#.........#
#.....)...#
####.#)####
###@#
8.8.8.8g.#
.......$.#
.........#
.........#
......(..#
.........#
8.8.8.8..#


You could see Ijyb.

Vanquished Creatures
  An ooze (D:2)
  5 dart slugs
  7 bats (D:1)
  2 giant cockroaches (D:1)
  2 hobgoblins (D:1)
  3 jackals (D:1)
  A ball python (D:1)
  7 goblins
  A kobold (D:1)
  2 rats (D:1)
31 creatures vanquished.

Notes
Turn   | Place    | Note
-------+----------+-------------------------------------------
     0 | D:1      | Firn the Mummy Fire Elementalist began the quest for the
                  | Orb.
     0 | D:1      | Reached XP level 1. HP: 13/13 MP: 4/4
   254 | D:1      | Reached XP level 2. HP: 17/19 MP: 2/5
  1132 | D:1      | Reached XP level 3. HP: 24/24 MP: 4/7
  1138 | D:1      | Learned a level 3 spell: Conjure Flame
  1279 | D:2      | Found a glowing golden altar of the Shining One.
  1403 | D:2      | Noticed Ijyb
  1435 | D:2      | Splashed by Ijyb's acid

Skill      XL: |  1  2  3 |
---------------+----------+-----
Fire Magic     | 3 |  3.1
Stealth        | 2 |  2.0
Spellcasting   | 3 |  3.0
Maces & Flails | |  0.2
Dodging        | |  1.8
Conjurations   | |  0.9

Action                   || total
-------------------------++-------
Melee: Dagger            ||    23
       Club              ||    55
 Cast: Flame Tongue      ||    45
  Use: Scroll            ||     3
Armor: Robe              ||    30
Dodge: Dodged            ||    72
